 Dungeon Sprint DCSS version 0.27.1-2-g3b301248ec (webtiles) character file.

Game seed: 16820798463992855622

256 boopmooplesden the Fighter (level 5, -7/57 HPs)
             Began as a Minotaur Fighter on Sept 22, 2021.
             Mangled by a neqoxec (8 damage)
             ... in the Dungeon (Sprint II: "The Violet Keep of Menkaure").
             The game lasted 00:00:16 (29 turns).

boopmooplesden the Fighter (Minotaur Fighter)         Turns: 29, Time: 00:00:16

Health: -7/57      AC:  8    Str: 22      XL:     5   Next: 92%
Magic:  4/4        EV:  8    Int:  1 (3)  God:
Gold:   0          SH: 11    Dex:  9      Spells: 4/4 levels left

rFire    . . .     SeeInvis .   a - +0 war axe
rCold    . . .     Faith    .   c - +0 kite shield
rNeg     . . .     Spirit   .   b - +0 scale mail
rPois    .         Reflect  .   (helmet restricted)
rElec    .         Harm     .   (no cloak)
rCorr    .         Rampage  .   (no gloves)
Will     .....     NoTele   +   (no boots)
Stlth    ..........             (no amulet)
HPRegen  0.19/turn              (no ring)
MPRegen  0.09/turn              (no ring)

@: on berserk cooldown, slowed, very slow
A: horns 2, retaliatory headbutt, deterioration 1, dopey 1
a: no special abilities


You were in the Dungeon.
You visited 1 branch

Inventory:

Hand Weapons
 a - a +0 war axe (weapon)
Armour
 b - a +0 scale mail (worn)
 c - a +0 kite shield (worn)
Scrolls
 j - a scroll of blinking
Potions
 d - a potion of might
 e - a potion of curing
 g - a potion of haste
 h - 2 potions of magic


   Skills:
 + Level 9.0 Fighting
 + Level 5.8 Axes
 + Level 8.7 Armour
 + Level 8.5 Shields


You had 4 spell levels left.
You didn't know any spells.
Your spell library was empty.

Dungeon Overview and Level Annotations

Branches:
Dungeon (1/1)

Altars:

Shops:
D :[(!?[[


Innate Abilities, Weirdness & Mutations

You have a pair of horns on your head.
You reflexively headbutt those who attack you in melee.
Your body sometimes deteriorates upon taking damage.
You are dopey. (Int -2)


Message History

The neqoxec hits you!
* * * LOW HITPOINT WARNING * * *
The neqoxec hits you.
* * * LOW HITPOINT WARNING * * *
The neqoxec barely misses you. The neqoxec gestures at you.
Strange energies course through your body.
You feel yourself wasting away.
You feel much better. The neqoxec hits you.
You closely miss the neqoxec. Your headbutt misses the neqoxec.
The neqoxec is lightly wounded.
The neqoxec gestures at you.
You feel dopey. Something feeds on your intellect!
The neqoxec hits you but does no damage.
You barely miss the neqoxec.
The neqoxec is lightly wounded.
The neqoxec hits you!
* * * LOW HITPOINT WARNING * * *
You block the neqoxec's attack.
You hit the neqoxec but do no damage. Your headbutt misses the neqoxec.
The neqoxec is lightly wounded.
The neqoxec gestures at you.
Strange energies course through your body.
You feel stupid. You block the neqoxec's attack.
You hit the neqoxec but do no damage.
The neqoxec is lightly wounded.
The neqoxec hits you!
* * * LOW HITPOINT WARNING * * *
The neqoxec gestures at you.
Strange energies course through your body.
You slice the neqoxec!!
The neqoxec is severely wounded.
The neqoxec barely misses you. The neqoxec hits you.
* * * LOW HITPOINT WARNING * * *
You barely miss the neqoxec.
The neqoxec is severely wounded.
The neqoxec hits you!
You die...

...∩ ..∩.
.∩.∩# ∩.∩.#
## .∩..#≈##.#
#+#
..#≈#..###.##
+≈'3##'.<.+
#3#.##.##
##@###+# ###


You could see 2 neqoxecs.

Vanquished Creatures
  2 neqoxecs (D)
2 creatures vanquished.

Vanquished Creatures (others)
  A water moccasin (D)
1 creature vanquished.

Grand Total: 3 creatures vanquished

Notes
Turn   | Place    | Note
-------+----------+-------------------------------------------
     0 | D        | boopmooplesden the Minotaur Fighter began the quest for the
                  | Orb.
     0 | D        | Reached XP level 1. HP: 19/19 MP: 0/0
     1 | D        | Noticed a neqoxec
     1 | D        | Noticed a neqoxec
     9 | D        | Killed a neqoxec
    10 | D        | Reached skill level 7 in Fighting
    10 | D        | Reached XP level 2. HP: 34/34 MP: 1/1
    10 | D        | Reached XP level 3. HP: 39/39 MP: 2/2
    10 | D        | Reached XP level 4. HP: 47/47 MP: 3/3
    12 | D        | Killed a neqoxec
    13 | D        | Reached skill level 9 in Fighting
    13 | D        | Reached skill level 5 in Axes
    13 | D        | Reached XP level 5. HP: 57/57 MP: 4/4
    14 | D        | Noticed a neqoxec
    15 | D        | Noticed a neqoxec
    16 | D        | Found Zitsid's Weapon Emporium.
    16 | D        | Found Fihoch's Magic Scroll Emporium.
    16 | D        | Found Yroat's Book Shoppe.
    16 | D        | Found Sueb's Antique Armour Emporium.
    16 | D        | Found Isipniyre's Armour Shoppe.
    16 | D        | Found Afotoumesa's Distillery.
    16 | D        | Found Wiatua's Armour Shoppe.
    18 | D        | Killed a water moccasin
    22 | D        | Gained mutation: Your body sometimes deteriorates upon
                  | taking damage. [a neqoxec]
    26 | D        | Gained mutation: You are dopey. (Int -2) [a neqoxec]
    28 | D        | HP: 1/57 [neqoxec (6)]
    29 | D        | Mangled by a neqoxec

Illustrated notes

Levels and vault maps discovered:
D:        the_violet_keep_of_menkaure [sprint2_stairs_cluster_1,
          sprint2_shoproom, sprint2_temple, sprint2_basic_supplies,
          sprint2_obstacle_3, sprint2_obstacle_1, sprint2_obstacle_7,
          sprint2_obstacle_4, sprint2_obstacle_6, sprint2_timed_cluster_1,
          sprint2_smallroom_cluster_1, sprint2_smallroom_final_cluster_1,
          sprint2_transparent_cluster_1, sprint2_second_timed_cluster_1,
          sprint2_sniper_area_1, sprint2_heavy_combat_area_1,
          sprint2_mutation_trap_area_1, sprint2_forest_area_1,
          sprint2_light_combat_area_1, sprint2_behind_water_1,
          sprint2_near_end_vault_1]

Skill      XL: |  1  2  3  4 |
---------------+-------------+-----
Fighting       | 7 9 |  9.0
Axes           | 4 5 |  5.8
Armour         | 7 8 |  8.7
Shields        | 7 8 |  8.5

Action                   |  1- 3 |  4- 6 || total
-------------------------+-------+-------++-------
Melee: War axe           |     6 |    15 ||    21
       Headbutt          |     2 |       ||     2
  Use: Potion            |     1 |     1 ||     2
Armor: Scale mail        |     1 |     1 ||     2
Dodge: Dodged            |     2 |     6 ||     8
Block: Kite shield       |       |    11 ||    11
